 Dungeon Crawl Stone Soup version 0.22.1-1-ga44c0e5 (webtiles) character file.

403 MTVSty1e the Chopper (level 6, -1/57 HPs)
             Began as a Minotaur Fighter on Oct 22, 2018.
             Killed from afar by an orc wizard (14 damage)
             ... with a puff of frost
             ... on level 4 of the Dungeon.
             The game lasted 00:04:17 (2514 turns).

MTVSty1e the Chopper (Minotaur Fighter)             Turns: 2514, Time: 00:04:18

Health: -1/57      AC:  6    Str: 23    XL:     6   Next: 55%
Magic:  5/5        EV: 12    Int:  5    God:
Gold:   134        SH: 11    Dex: 14    Spells: 5/5 levels left

rFire    . . .     SeeInvis .   p - +0 hand axe (freeze)
rCold    . . .     Gourm    .   c - +1 shield
rNeg     . . .     Faith    .   b - +0 scale mail
rPois    .         Spirit   .   (helmet restricted)
rElec    .         Reflect  .   (no cloak)
rCorr    .         Harm     .   (no gloves)
MR       .....                  (no boots)
Stlth    +.........             i - amulet of rage
HPRegen  0.19/turn              (no ring)
MPRegen  0.09/turn              (no ring)

@: agile
A: retaliatory headbutt, horns 2
a: Evoke Berserk Rage


You were on level 4 of the Dungeon.
You were hungry.

You visited 1 branch of the dungeon, and saw 4 of its levels.

You collected 134 gold pieces.

Inventory:

Hand Weapons
 a - a +0 war axe
 p - a +0 hand axe of freezing (weapon)
Armour
 b - a +0 scale mail (worn)
 c - a +1 shield (worn)
Jewellery
 i - an amulet of rage (around neck)
Wands
 l - a wand of acid (6)
Scrolls
 e - a scroll of teleportation {unknown}
 g - 3 scrolls of identify
 j - 2 scrolls of remove curse
 o - a scroll of random uselessness {unknown}
Potions
 d - a potion of might
 h - a potion of degeneration {unknown}
 m - a potion of haste {unknown}
 n - a potion of heal wounds {unknown}
Comestibles
 f - 5 rations


   Skills:
 + Level 5.9 Fighting
 * Level 7.1 Axes
 - Level 3.6 Armour
 - Level 3.6 Shields


You had 5 spell levels left.
You didn't know any spells.
Your spell library was empty.

Dungeon Overview and Level Annotations

Branches:
Dungeon (4/15)
 Temple: D:4-7

Altars:
Kikubaaqudgha
Xom


Innate Abilities, Weirdness & Mutations

You reflexively headbutt those who attack you in melee.
You have a pair of horns on your head.


Message History

Something hits you. The scorpion stings you.
* * * LOW HITPOINT WARNING * * *
The orc barely misses you.
You hit the scorpion but do no damage. You headbutt the scorpion!
The scorpion is heavily wounded.
You hit the orc but do no damage.
Your shield and scale mail prevent you from hitting something.
You hear some strange, mumbled words.
A magic dart appears from out of thin air!
The magic dart hits you!
* * * LOW HITPOINT WARNING * * *
The scorpion stings you.
* * * LOW HITPOINT WARNING * * *
The orc hits you but does no damage.
It was a potion of agility.
You feel agile all of a sudden.
You hear some strange, mumbled words.
A puff of frost appears from out of thin air!
The puff of frost hits you!
You die...

#.
##...####.....#
#.. ##)..##
###..## #.>.
###)(.## ####
....###..)(##
..........##
......)..##
........##
........##
.......@s#
.c##..o[{......
. ##..........
#......####
#....### ##...#
#...# #....


You could see a centaur (wandering), a scorpion and an orc.

Vanquished Creatures
  A phantom (D:4)
  3 iguanas
  2 orc wizards (D:4)
  A worker ant (D:4)
  4 gnolls (D:2)
  An adder (D:3)
  An ooze (D:3)
  3 worms
  A dart slug (D:1)
  3 leopard geckos (D:1)
  11 orcs
  3 giant cockroaches
  6 goblins
  10 hobgoblins
  2 jackals (D:1)
  10 kobolds
  A quokka (D:2)
  10 bats
  A frilled lizard (D:3)
  6 rats
80 creatures vanquished.

Notes
Turn   | Place    | Note
-------+----------+-------------------------------------------
     0 | D:1      | MTVSty1e the Minotaur Fighter began the quest for the Orb.
     0 | D:1      | Reached XP level 1. HP: 19/19 MP: 0/0
    61 | D:1      | Reached skill level 3 in Axes
   109 | D:1      | Reached XP level 2. HP: 26/27 MP: 1/1
   249 | D:1      | Reached XP level 3. HP: 31/33 MP: 2/2
   337 | D:2      | Found a shimmering altar of Xom.
   402 | D:2      | Reached skill level 4 in Axes
  1121 | D:2      | Reached XP level 4. HP: 35/41 MP: 3/3
  1437 | D:3      | Reached skill level 5 in Axes
  1463 | D:3      | Reached XP level 5. HP: 36/47 MP: 4/4
  1548 | D:3      | Found an ancient bone altar of Kikubaaqudgha.
  1678 | D:3      | Reached skill level 5 in Fighting
  2083 | D:4      | Noticed a phantom
  2106 | D:4      | Killed a phantom
  2106 | D:4      | Reached skill level 6 in Axes
  2156 | D:4      | Noticed a centaur
  2423 | D:4      | Reached XP level 6. HP: 56/56 MP: 5/5
  2499 | D:4      | Reached skill level 7 in Axes
  2514 | D:4      | Killed from afar by an orc wizard

Skill      XL: |  1  2  3  4  5  6 |
---------------+-------------------+-----
Axes           | 3 4 5 6 7 |  7.1
Fighting       | 4 5 |  5.9
Armour         | |  3.6
Shields        | |  3.6

Action                   |  1- 3 |  4- 6 || total
-------------------------+-------+-------++-------
Melee: War axe           |    75 |   103 ||   178
       Headbutt          |    13 |    19 ||    32
       Hand axe          |       |    12 ||    12
  Use: Scroll            |     3 |       ||     3
       Potion            |       |     1 ||     1
  Eat: Ration            |       |     1 ||     1
       Chunk             |       |     1 ||     1
Armor: Scale mail        |    42 |    40 ||    82
Dodge: Dodged            |    33 |    34 ||    67
Block: Shield            |    46 |    76 ||   122
